 Dungeon Sprint DCSS version 0.18.1-50-g88ac8fd (webtiles) character file.

77 skinnyp the Summoner (level 4, -10/21 HPs)
             Began as a Felid Summoner on Oct 20, 2016.
             Was an Initiate of Sif Muna.
             Shot with an arrow by a centaur warrior (18 damage)
             ... in the Dungeon (Sprint I: "Red Sonja").
             The game lasted 00:03:30 (766 turns).

skinnyp the Summoner (Felid Summoner)                Turns: 766, Time: 00:03:31

Health: -10/21     AC:  1    Str:  4    XL:     4   Next: 13%
Magic:  0/11       EV: 20    Int: 17    God:    Sif Muna [......]
Gold:   183        SH:  0    Dex: 17    Spells: 3 memorised, 4 levels left
                                        Lives:  0   Deaths: 1

rFire  . . .     SeeInvis +     (weapon unavailable)
rCold  . . .     Gourm    .     (armour unavailable)
rNeg   . . .     Faith    .     (shield unavailable)
rPois  .         Spirit   .     (helmet unavailable)
rElec  .         Dismiss  .     (cloak unavailable)
rCorr  .         Reflect  .     (gloves unavailable)
SustAt .         Harm     .     (boots unavailable)
MR     .....     NoTele   +     (no amulet)
Stlth  +++.......               (no ring)
                                (no ring)

@: quick, not resistant to hostile enchantments, fairly stealthy
A: no armour, no weapons or thrown items, claws 1, fangs 3, see invisible,
carnivore 3, speed 1, shaggy fur 1, slow metabolism 1, sharp paws
a: Renounce Religion


You were in the Dungeon.
You worshipped Sif Muna.
Sif Muna was noncommittal.
You were not hungry.

You visited 1 branch You collected 183 gold pieces.

Inventory:

Scrolls
 h - a scroll of blinking
 k - a scroll of amnesia {unknown}
 l - a scroll of immolation {unknown}
Potions
 c - a potion of curing
 d - a potion of heal wounds
 e - a potion of haste
 f - 2 potions of magic
 g - a potion of berserk rage
 i - a potion of mutation {unknown}
Books
 a - a book of Callings

   Spells                             Type                      Level
   a - Summon Small Mammal            Summoning                    1
   b - Call Imp                       Summoning                    2
   c - Call Canine Familiar           Summoning                    3
   d - Summon Guardian Golem          Hexes/Summoning              3
   e - Summon Lightning Spire         Summoning/Air                4
   f - Summon Ice Beast               Ice/Summoning                4
Comestibles
 b - a meat ration
 j - a slice of pizza


   Skills:
 + Level 3.0 Fighting
 + Level 4.9 Dodging
 - Level 2.6 Stealth
 + Level 4.5 Spellcasting
 * Level 9.1 Summonings


You had 4 spell levels left.
You knew the following spells:

 Your Spells              Type           Power        Failure   Level  Hunger
a - Summon Small Mammal   Summ           ####         1%          1    None
b - Call Canine Familiar  Summ           #####...     1%          3    ###....
c - Summon Lightning Spi  Summ/Air       ###.....     24%         4    ####...


Dungeon Overview and Level Annotations

Branches:
Dungeon (1/1)

Altars:
Cheibriados
Dithmenos
Fedhas
Sif Muna
Vehumet
Jiyva


Innate Abilities, Weirdness & Mutations

You cannot wear armour.
You are incapable of wielding weapons or throwing items.
You have sharp claws.
You have razor-sharp teeth.
You have supernaturally acute eyesight.
You are carnivorous and can eat meat at any time.
You cover ground quickly.
You are covered in fur (AC +1).
You have a slow metabolism.
Your sharp claws are effective at attacking unaware monsters.


Message History

Confirm with . or Enter, or press ? or * to list all spells.
Aiming: Summon Lightning Spire
Press: ? - help, Dir - move target cursor An electric hum fills the air.
The centaur warrior wields a shortbow.
The centaur warrior shoots an arrow.
The arrow hits your lightning spire!
Your lightning spire is destroyed!
Casting: Summon Lightning Spire
Confirm with . or Enter, or press ? or * to list all spells.
Aiming: Summon Lightning Spire
Press: ? - help, Dir - move target cursor An electric hum fills the air.
You scratch the centaur warrior but do no damage.
The centaur warrior unwields an uncursed longbow.
The centaur warrior hits you.
The centaur warrior shoots an arrow.
The arrow closely misses you. The centaur warrior barely misses you.
You scratch the centaur warrior but do no damage.
The centaur warrior hits you!
The centaur warrior shoots an arrow.
The arrow hits you!!
Ouch! That really hurt!
You die...

#<.#..'..#..'..#__#
#.)'.)#..').#..'hJ+
#..#####'#####'#__####
#..# #..# #.####!§#
#..# #### ##.# §≈§§#
#..# #+#..+ §§§§+ #⌠⌠#
+..._# c§§ ####
#_.#+##(### ##+ #@c8(#
##+###


You could see 2 centaur warriors and a friendly lightning spire.

Vanquished Creatures
  Sigmund (D)
1 creature vanquished.

Vanquished Creatures (collateral kills)
  An ogre (D)
  A jelly (D)
  Ijyb (D)
3 creatures vanquished.

Grand Total: 4 creatures vanquished

Notes
Turn   | Place    | Note
--------------------------------------------------------------
     0 | D        | skinnyp the Felid Summoner began the quest for the Orb.
     0 | D        | Reached XP level 1. HP: 7/7 MP: 4/4
     4 | D        | Noticed Ijyb
    40 | D        | Killed Ijyb
    40 | D        | Reached skill level 6 in Summonings
    40 | D        | Reached XP level 2. HP: 5/11 MP: 1/6
    94 | D        | Noticed an ogre
   114 | D        | Killed an ogre
   114 | D        | Reached skill level 7 in Summonings
   114 | D        | Reached XP level 3. HP: 10/14 MP: 0/8
   210 | D        | Learned a level 3 spell: Call Canine Familiar
   221 | D        | Noticed Sigmund
   241 | D        | Killed Sigmund
   241 | D        | Reached skill level 9 in Summonings
   241 | D        | Reached XP level 4. HP: 6/20 MP: 2/11
   241 | D        | Reached XP level 5. HP: 7/23 MP: 2/12
   474 | D        | Learned a level 4 spell: Summon Lightning Spire
   485 | D        | Found a deep blue altar of Sif Muna.
   488 | D        | Found a radiant altar of Vehumet.
   492 | D        | Became a worshipper of Sif Muna the Loreminder
   650 | D        | Found a viscous altar of Jiyva.
   650 | D        | Found a blossoming altar of Fedhas.
   650 | D        | Noticed a slime creature
   651 | D        | Found a snail-covered altar of Cheibriados.
   651 | D        | Found a shadowy altar of Dithmenos.
   656 | D        | Slain by a slime creature
   657 | D        | Reached XP level 4. HP: 0/21 MP: 9/11
   762 | D        | Noticed a centaur warrior
   762 | D        | Noticed a centaur warrior
   766 | D        | Shot with an arrow by a centaur warrior

Skill      XL: |  1  2  3  4  5 |
---------------+----------------+-----
Summonings     | 6 7 9 |  9.1
Spellcasting   | 3 4 |  4.5
Fighting       | 2 3 |  3.0
Dodging        | 4 |  4.9
Stealth        | |  2.6

Action                   |  1- 3 |  4- 6 || total
-------------------------+-------+-------++-------
Melee: Unarmed           |    19 |     5 ||    24
       Bite              |     1 |       ||     1
 Cast: Summon Small Mamm |    15 |       ||    15
       Call Canine Famil |     2 |     3 ||     5
       Summon Lightning  |       |     3 ||     3
 Stab: Sleeping          |       |     1 ||     1
  Eat: Chunk             |     2 |     3 ||     5
Armor: Skin              |     1 |     1 ||     2
Dodge: Dodged            |    15 |     3 ||    18
